 Dungeon Crawl Stone Soup version 0.31-a0-977-gc230f8ef24 (webtiles) character file.

Game seed: 4451422823893081100

4470 Azuregosa the Covert (level 10, 0/66 HPs)
             Began as an Octopode Delver on Oct 29, 2023.
             Was an Initiate of Gozag.
             Slain by a yak (15 damage)
             ... on level 8 of the Dungeon.
             The game lasted 00:36:03 (10432 turns).

Azuregosa the Covert (Octopode Delver)             Turns: 10432, Time: 00:36:04

Health: 0/66       AC:  1    Str: 22    XL:     10   Next: 37%
Magic:  19/19      EV: 12    Int: 15    God:    Gozag
Gold:   388        SH: 13    Dex: 12    Spells: 9/9 levels left

rFire   . . .        I - +6 dagger (venom)
rCold   + + .        L - +0 kite shield
rNeg    + . .        (helmet restricted)
rPois   +            B - amulet of reflection
rElec   .            A - ring "Laimim" {+Blink rPois Str+2 Dex-3 SInv}
rCorr   .            D - ring of protection from cold
SInv    +            G - +4 ring of slaying
Will    .....        K - ring "Dooragh" {rC+ rN+ MP+9 Str+8}
Stlth   ++++++       x - ring of poison resistance
HPRegen 0.31/turn    (no ring)
MPRegen 0.16/turn    (no ring)
                     (no ring)

%: reflection
@: hasted, very quick
A: almost no armour, amphibious, 8 rings, camouflage 1, gelatinous body 1,
(nimble swimmer 1), tentacles
a: Renounce Religion, Evoke Blink, Potion Petition, Call Merchant, Bribe Branch


You were on level 8 of the Dungeon.
You worshipped Gozag.
Gozag was aware of your devotion.
You visited 2 branches of the dungeon, and saw 10 of its levels.
You also visited: Sewer.

You collected 1946 gold pieces.
You spent 1544 gold pieces at shops.
You paid 14 gold pieces to Gozag.

Inventory:

Hand Weapons
 i - a +1 dagger of venom
 y - a +1 short sword of speed
 I - a +6 dagger of venom (weapon)
 N - a +4 dagger of speed
 Q - a +2 hand axe of freezing
Missiles
 b - 76 stones
 p - 5 darts of dispersal
 r - 6 silver javelins
 F - 12 poisoned darts
Armour
 v - an orb of guile
 L - a +0 kite shield (worn)
Jewellery
 x - a ring of poison resistance (on tentacle)
 A - the ring "Laimim" (left tentacle) {+Blink rPois Str+2 Dex-3 SInv}
   (You found it on level 4 of the Dungeon)

   [ring of poison resistance]

   Str+2:     It affects your strength (+2).
   Dex-3:     It affects your dexterity (-3).
   rPois:     It protects you from poison SInv: It lets you see invisible.
   +Blink:    It lets you blink.
 B - an amulet of reflection (around mantle)
 D - a ring of protection from cold (right tentacle)
 G - a +4 ring of slaying (on tentacle)
 K - the ring "Dooragh" (on tentacle) {rC+ rN+ MP+9 Str+8}
   (You bought it in a shop on level 1 of the Dungeon)

   [ring of protection from cold]

   Str+8:     It affects your strength (+8).
   rC+:       It protects you from cold.
   rN+:       It protects you from negative energy.
   MP+9:      It affects your magic capacity (+9).
Talismans
 E - a maw talisman
Wands
 e - a wand of digging (3)
 H - a wand of acid (5)
Scrolls
 a - 5 scrolls of fog
 g - 7 scrolls of identify
 h - a scroll of enchant armour {unknown}
 j - a scroll of vulnerability {unknown}
 l - 2 scrolls of butterflies {unknown}
 m - 2 scrolls of blinking {unknown}
 n - 2 scrolls of silence
 o - a scroll of revelation
 u - 2 scrolls of amnesia {unknown}
 w - 2 scrolls of immolation {unknown}
 C - a scroll of noise
 J - 4 scrolls of teleportation {unknown}
Potions
 c - a potion of invisibility {unknown}
 d - 3 potions of haste
 f - a potion of attraction
 k - 5 potions of cancellation {unknown}
 q - 2 potions of resistance {unknown}
 s - 2 potions of brilliance {unknown}
 t - a potion of berserk rage {unknown}
 z - 3 potions of magic {unknown}
 M - 3 potions of mutation {unknown}
 O - 3 potions of heal wounds
 P - a potion of ambrosia {unknown}
 R - a potion of curing
 S - a potion of enlightenment
 T - a potion of might
 U - a potion of lignification


   Skills:
 + Level 5.3 Fighting
 - Level 9.2 Short Blades
 - Level 2.0 Dodging
 - Level 13.5 Stealth
 + Level 2.7 Shields
 - Level 2.0 Unarmed Combat
 - Level 6.3 Evocations


You had 9 spell levels left.
You didn't know any spells.
Your spell library contained the following spells:

 Spells                   Type           Power      Damage    Failure   Level
 Blink                    Tloc           0%         N/A       67%         2
 Lesser Beckoning         Tloc           0%         N/A       67%         2
 Momentum Strike          Conj/Tloc      0%         3d8       67%         2
 Tukima's Dance           Hex            0%         N/A       88%         3
 Passage of Golubria      Tloc           0%         N/A       99%         4
 Yara's Violent Unravell  Hex/Tmut       0%         3d3       100%        5


Dungeon Overview and Level Annotations

Branches:
Dungeon (9/15)             Temple (1/1) D:5           Sewer (visited)
   Lair: D:8-11         Orc: D:9-12

Altars:
Ashenzari
Cheibriados
Dithmenos
Elyvilon
Fedhas
Gozag
Hepliaklqana
Kikubaaqudgha
Makhleb
Okawaru
Qazlal
Ru
Trog
Uskayaw
Vehumet
Wu Jian
Xom
Yredelemnul
The Shining One

Shops:
D:1 ![=(

Annotations:
D:7 3 runed translucent doors, Pi314's ghost, novice HOFi


Innate Abilities, Weirdness & Mutations

You cannot wear most types of armour.
You are amphibious.
You can wear up to eight rings at the same time.
Your skin changes colour to match your surroundings (Stealth+).
Your rubbery body absorbs attacks. (AC +1, EV +1)
((You are camouflaged when in or above water. (Stealth+)))
You have tentacles for arms and can constrict up to eight enemies at once.


Message History

The yak is severely wounded.
You hit the yak.
The yak looks as sick as possible!
The yak is almost dead.
You block the yak's attack.
You hit the yak.
The yak looks as sick as possible!
You squeeze the yak.
You kill the yak!
You now have 388 gold pieces (gained 18).
Okay, then.
Done exploring.
A gnoll bouda comes into view.
It is wielding a +0 whip and wearing a +2 robe of willpower.
There is a stone staircase leading down here.
The gnoll bouda is distracted by your dazzling golden aura.
You climb downwards.
You block the yak's attack. The yak gores you!
There is a stone staircase leading up, spattered with blood here.
The yak closely misses you. You block the yak's attack.
You climb upwards.
There is a stone staircase leading down here.
You barely miss the yak. You squeeze the yak.
The yak is lightly wounded.
You hit the yak but do no damage.
The yak is poisoned.
The yak is lightly wounded.
The yak gores you! You block the yak's attack.
You barely miss the yak. Your squeeze misses the yak.
The yak is lightly wounded.
The yak barely misses you. The yak gores you! You block the yak's attack.
The yak gores you!
A gnoll comes into view. It is wielding a +0 flail.
The yak gores you!
A gnoll comes into view. It is wielding a +0 club.
Okay, then.
You feel yourself speed up. The yak gores you!
* * * LOW HITPOINT WARNING * * *
A gnoll comes into view. It is wielding a +2 spear of venom.
The gnoll shouts!
There is an open door here.
There is an open door here.
There is a stone staircase leading down here.
The yak gores you!
You die...
Your body crumbles into a pile of gold.

############ #....##.#...
#..........# #)...'.....#
#..........# #....#...#..
#..........# #....#......
#..........# #....#...#.#
####'#####'#####....#####.#
#........g.>#..#.....>..##.
#........Y..#..#........##.
#.......Y.@.#..#........###
#...........#'##........###
#....####.......#####....##
#....# #.......#...#....#.
#....# #.......#...#....#.
#....# #.......#...#....#.
#....# #....g..#...#....##
###### ##.....####'##....#
#.....#.....#....'


You could see 2 yaks and 2 gnolls.

Vanquished Creatures
  Sigmund (D:4)
  3 yaks (D:8)
  2 steam dragons (D:8)
  Edmund (D:6)
  2 water moccasins
  Duvessa (D:6)
  A sky beast (D:7)
  An ice beast (D:7)
  5 orc warriors
  A centaur (D:6)
  An ogre (D:5)
  A black bear (D:4)
  2 phantoms
  Blork the orc (D:6)
  A kobold brigand (D:8)
  2 bullfrogs
  2 scorpions
  Dowan (D:6)
  6 howler monkeys (D:7)
  Crazy Yiuf (D:6)
  7 orc priests
  2 hounds
  5 jellies
  2 sleepcaps
  Jessica (D:2)
  4 iguanas
  Ijyb (D:4)
  Natasha (thrice) (D:2)
  Terence (D:3)
  10 orc wizards
  12 adders
  8 gnolls
  5 river rats
  2 shadow imps
  3 white imps
  3 worms
  4 dart slugs
  43 orcs
  7 bats
  16 endoplasms
  6 giant cockroaches
  12 goblins
  3 hobgoblins
  11 kobolds
  9 quokkas
  8 ball pythons
  11 frilled lizards
  12 rats
  A butterfly (D:5)
248 creatures vanquished.

Notes
Turn   | Place    | Note
-------+----------+-------------------------------------------
     0 | D:5      | Azuregosa the Octopode Delver began the quest for the Orb.
     0 | D:5      | Reached XP level 1. HP: 16/16 MP: 1/1
    50 | D:5      | Noticed an iguana
    59 | D:5      | Killed an iguana
    60 | D:5      | Reached skill level 7 in Stealth
    60 | D:5      | Reached XP level 2. HP: 6/21 MP: 2/2
    60 | D:5      | Reached XP level 3. HP: 8/26 MP: 3/3
   140 | D:5      | Noticed a scorpion
   153 | D:5      | Killed a scorpion
   154 | D:5      | Reached skill level 8 in Stealth
   154 | D:5      | Reached XP level 4. HP: 26/31 MP: 4/4
   156 | D:5      | Reached skill level 9 in Stealth
   220 | D:5      | Noticed a +0 short sword
   221 | D:5      | Noticed a +0 spear
   221 | D:5      | Noticed a +0 short sword
   221 | D:5      | Noticed a +0 falchion
   221 | D:5      | Noticed a +0 spear
   221 | D:5      | Noticed a +0 falchion
   223 | D:5      | Noticed a +0 dagger
   225 | D:5      | Noticed a +0 dagger
   226 | D:5      | Found a staircase to the Ecumenical Temple.
   236 | Temple   | Entered the Ecumenical Temple
   259 | Temple   | Became a worshipper of Gozag Ym Sagoz the Greedy
   337 | D:4      | Noticed a black bear
   392 | D:3      | Reached XP level 5. HP: 16/36 MP: 5/5
   589 | D:3      | Noticed Terence
   706 | D:2      | Noticed Jessica
   714 | D:2      | Killed Jessica
   715 | D:2      | Reached skill level 10 in Stealth
   837 | D:1      | Found Mupirch's Jewellery Shop.
   839 | D:1      | Found Hafayre's Weapon Emporium.
   879 | D:1      | Found Jiess's Distillery.
   955 | D:1      | Found Liost's Antique Armour Shoppe.
  1534 | D:2      | Found a faded altar of an unknown god.
  1536 | D:2      | Found a broken altar of Ashenzari.
  1740 | D:2      | Noticed Natasha
  1755 | D:2      | Killed Natasha
  1756 | D:2      | Reached XP level 6. HP: 37/42 MP: 6/6
  1872 | D:2      | Noticed Natasha
  1882 | D:2      | Killed Natasha
  1997 | D:2      | Noticed Natasha
  2155 | D:3      | Reached skill level 11 in Stealth
  2476 | D:2      | Killed Natasha
  2868 | D:3      | HP: 1/42 [poisoned by an orc]
  3102 | D:4      | Identified the ring "Laimim" {+Blink rPois Str+2 Dex-3
                  | SInv}
  3170 | D:3      | Killed Terence
  3440 | D:3      | Reached XP level 7. HP: 46/46 MP: 7/7
  3667 | D:4      | Reached skill level 12 in Stealth
  3887 | D:4      | Noticed Sigmund
  3891 | D:4      | Noticed Ijyb
  3989 | D:4      | Killed Sigmund
  3990 | D:4      | Reached skill level 13 in Stealth
  4050 | D:4      | Killed Ijyb
  4051 | D:4      | Reached skill level 1 in Evocations
  4666 | D:5      | Reached XP level 8. HP: 52/52 MP: 8/8
  4964 | D:1      | Bought the ring "Dooragh" {rC+ rN+ MP+9 Str+8} for 862 gold
                  | pieces
  5301 | D:5      | Found a sacrificial altar of Ru.
  5327 | D:5      | Found a radiant altar of Vehumet.
  5360 | D:5      | Found a hide-covered altar of Uskayaw.
  5619 | D:6      | Reached skill level 5 in Evocations
  5738 | D:6      | Found a glowing drain.
  5743 | Sewer    | Entered a sewer
  5859 | Sewer    | Found a viscous altar of Jiyva.
  6270 | D:6      | Reached skill level 1 in Short Blades
  6302 | D:6      | Noticed Blork the orc
  6311 | D:6      | Killed Blork the orc
  6367 | D:6      | Noticed Dowan
  6368 | D:6      | Noticed Duvessa
  6375 | D:6      | Killed Duvessa
  6379 | D:6      | Killed Dowan
  6380 | D:6      | Reached XP level 9. HP: 22/56 MP: 9/9
  6611 | D:6      | Noticed Edmund
  6623 | D:6      | Killed Edmund
  6868 | D:6      | Reached skill level 5 in Short Blades
  6888 | D:6      | Found a runed translucent door.
  6889 | D:6      | Noticed Crazy Yiuf
  6896 | D:6      | Killed Crazy Yiuf
  7233 | D:7      | Found a runed translucent gate.
  7767 | D:7      | Found a runed translucent gate.
  7767 | D:7      | Found a runed translucent gate.
  7768 | D:7      | Noticed Pi314's ghost (novice HOFi)
  8103 | D:7      | Found a shadowy altar of Dithmenos.
  8262 | D:8      | Reached XP level 10. HP: 63/63 MP: 10/10
  8904 | D:1      | Bought a kite shield for 130 gold pieces
  9372 | D:8      | Reached skill level 1 in Shields
  9752 | D:1      | Bought a potion of curing for 36 gold pieces
  9752 | D:1      | Bought a potion of heal wounds for 60 gold pieces
  9752 | D:1      | Bought a potion of heal wounds for 60 gold pieces
  9752 | D:1      | Bought a potion of enlightenment for 60 gold pieces
  9752 | D:1      | Bought a potion of might for 48 gold pieces
  9752 | D:1      | Bought a potion of degeneration for 12 gold pieces
  9752 | D:1      | Bought a potion of lignification for 36 gold pieces
  9781 | D:1      | Bought a ring of poison resistance for 240 gold pieces
 10102 | D:8      | Found a bloodstained altar of Trog.
 10192 | D:8      | Reached skill level 5 in Fighting
 10432 | D:8      | Slain by a yak

Illustrated notes

Levels and vault maps discovered:
D:1:      dpeg_arrival_court, layout_basic, serial_shops, shop, shop, shop,
          shop, st_stairs_14
D:2:      layout_basic, basic_altar, chequers_ecumenical_altar_island,
          kennysheep_generic_room_3, uniq_natasha, uniq_jessica
D:3:      minmay_inner_zag, layout_rooms, chequers_serial_rivers_micro_c,
          uniq_terence
D:4:      layout_basic, uniq_ijyb, uniq_sigmund
D:5:      layout_loops_ring, mainiacjoe_overflow_two_lobes,
          nicolae_uskayaw_en_pointe, minmay_temple_entry_butterflies
D:6:      layout_gridville, nicolae_overflow_crystal_walls,
          portal_sewer_entry_e, uniq_blork_the_orc, uniq_duvessa,
          uniq_crazy_yiuf_cottage, uniq_edmund
D:7:      layout_cave_pools, kennysheep_mini, gammafunk_ghost_necromancy,
          lightli_bailey_entry_fortress
D:8:      layout_gridville, overflow_temple_1_default, minmay_increasing_density
D:9:      layout_long_grid, nicolae_looking_at_the_future
Temple:   minmay_temple_curvy_branch

Skill      XL: |  1  2  3  4  5  6  7  8  9 10 |
---------------+-------------------------------+-----
Stealth        | 7 8 9 10 11 13 | 13.5
Evocations     | 2 6 |  6.3
Short Blades   | 3 9 |  9.2
Fighting       | 5 |  5.3
Shields        | 2 |  2.7
Dodging        | |  2.0
Unarmed Combat | |  2.0

Action                     |  1- 3 |  4- 6 |  7- 9 | 10-12 || total
---------------------------+-------+-------+-------+-------++-------
  Melee: Unarmed           |    10 |    31 |       |       ||    41
         Tentacles         |     5 |    42 |    56 |    15 ||   118
         Constrict         |     2 |    39 |    48 |    14 ||   103
         Short sword       |       |   153 |    47 |       ||   200
         Punch             |       |     6 |     7 |       ||    13
         Dagger            |       |       |   199 |    73 ||   272
  Throw: Stone             |       |       |     1 |       ||     1
Ability: Evoke Blink       |       |     1 |     2 |       ||     3
    Use: Scroll            |     1 |     2 |     2 |     1 ||     6
         Potion            |       |     3 |     1 |     2 ||     6
   Stab: Sleeping          |       |    31 |    52 |     8 ||    91
         Distracted        |       |       |     5 |       ||     5
 Armour: Skin              |     3 |    56 |    71 |    32 ||   162
  Dodge: Dodged            |     6 |    81 |    68 |    20 ||   175
  Block: Other             |       |     7 |    27 |     2 ||    36
         Reflection        |       |     1 |     4 |       ||     5
         Kite shield       |       |       |       |    22 ||    22

Table legend: (Time is in decaauts)
 A = Elapsed time spent in this place.
 B = Non-inter-level travel time spent in this place.
 C = Inter-level travel time spent in this place.
 D = Time resting spent in this place.
 E = Time spent auto-exploring this place.
 F = Levels seen in this place.
 G = Mean time per level.
                   A        B        C        D        E       F      G
               +--------+--------+--------+--------+--------+-----+--------+
         Total |  10338 |   9301 |   1037 |   2812 |   3830 |  11 |  939.8 |
       Dungeon |   9861 |   8846 |   1015 |   2704 |   3677 |   9 | 1095.7 |
        Temple |     48 |     26 |     22 |      0 |      0 |   1 |   48.0 |
         Sewer |    428 |    428 |      0 |    108 |    153 |   1 |  428.0 |
               +--------+--------+--------+--------+--------+-----+--------+

Top non-repeatable levels by time:
     D:3: 1679 daAuts
     D:8: 1368 daAuts
     D:6: 1322 daAuts
     D:7: 1184 daAuts
     D:4: 1183 daAuts
     D:2: 1179 daAuts
     D:5: 1009 daAuts
     D:1: 924 daAuts
   Sewer: 428 daAuts
  Temple: 48 daAuts
     D:9: 9 daAuts
